 Dungeon Crawl Stone Soup version 0.17.1-3-g152610e (webtiles) character file.

122 buf2 the Bolt Thrower (level 4, 0/29 HPs)
             Began as a High Elf Hunter on Apr 22, 2016.
             Slain by a phantom (5 damage)
             ... on level 3 of the Dungeon.
             The game lasted 00:24:22 (2597 turns).

buf2 the Bolt Thrower (High Elf Hunter)             Turns: 2597, Time: 00:24:23

Health: 0/29       AC:  3    Str: 11    XL:     4   Next: 78%
Magic:  5/5        EV: 12    Int: 21    God:
Gold:   56         SH:  0    Dex: 15    Spells: 0 memorised, 3 levels left

rFire  . . .     SeeInvis .     m - +0 dagger (drain)
rCold  . . .     Clarity  .     c - +0 leather armour
rNeg   . . .     SustAt   .     (no shield)
rPois  .         Gourm    .     (no helmet)
rElec  .         Spirit   .     (no cloak)
rCorr  .         Warding  .     (no gloves)
rMut   .         Stasis   .     (no boots)
MR     .....                    (no amulet)
Stlth  ++........               (no ring)
                                (no ring)

@: brilliant, not resistant to hostile enchantments, unstealthy
A: no striking features
a: no special abilities


You were on level 3 of the Dungeon.
You were not hungry.

You visited 1 branch of the dungeon, and saw 3 of its levels.

You collected 56 gold pieces.

Inventory:

Hand Weapons
 a - a +1 hand crossbow
 b - a +0 short sword
 j - a +1 dagger of venom
 m - a +0 dagger of draining (weapon)
 o - a +0 hand axe
 w - a +0 war axe
Missiles
 d - 20 bolts
 h - 31 arrows
 k - 14 bolts of frost
 q - 95 stones (quivered)
Armour
 c - a +0 leather armour (worn)
 n - a +0 pair of boots
 s - a +0 cloak
 v - a +0 ring mail
Jewellery
 f - an uncursed amulet of rage {unknown}
Scrolls
 l - a scroll of amnesia
 u - a scroll of enchant weapon
Comestibles
 e - 2 bread rations


   Skills:
 + Level 2.2 Fighting
 + Level 0.8 Short Blades
 + Level 5.3 Crossbows
 + Level 1.3 Armour
 + Level 2.9 Dodging
 + Level 1.3 Stealth


You had 3 spell levels left.
You didn't know any spells.

Dungeon Overview and Level Annotations

Branches:
Dungeon (3/15)

Altars:
Ashenzari
Cheibriados
Fedhas
Makhleb
Trog
Xom
The Shining One


Message History

It was a potion of brilliance.
You feel clever all of a sudden. The bat hits you but does no damage. x2
The phantom barely misses you.
Drink which item? (? for menu, Esc to quit)
It was a potion of curing.
You feel better. The bat barely misses you. The bat barely misses you.
The gnoll barely misses you. The phantom hits you.
* * * LOW HITPOINT WARNING * * *
The phantom blinks!
The bat misses you. The bat barely misses you.
The bat hits you but does no damage.
You miss the bat. The bat closely misses you. The bat barely misses you.
The gnoll hits you but does no damage.
You hit the phantom.
The phantom is lightly damaged.
The bat barely misses you.
The gnoll hits you from afar with a halberd.
* * * LOW HITPOINT WARNING * * *
The phantom hits you.
You die...

... #.#.# .(.
#.#^#### #.#
#.#..... #.#
##.#.#### #(#
#....# #g#
#..### #g# #..#
#b#########..#
#.@W.........#
###########.###
## #.....# #.
#.....####.
#..........
#.....#####
#.....# #######


You could see a phantom, 2 gnolls and a bat.

Vanquished Creatures
  An iron imp (D:2)
  3 adders (D:2)
  2 gnolls (D:3)
  A worm (D:3)
  A giant gecko (D:1)
  3 bats
  2 giant cockroaches (D:1)
  9 hobgoblins
  5 kobolds
  A quokka (D:2)
  6 giant newts
  8 goblins
  7 rats
49 creatures vanquished.

Notes
Turn   | Place    | Note
--------------------------------------------------------------
     0 | D:1      | buf2 the High Elf Hunter began the quest for the Orb.
     0 | D:1      | Reached XP level 1. HP: 14/14 MP: 2/2
    97 | D:1      | Reached XP level 2. HP: 14/19 MP: 3/3
   542 | D:1      | Reached XP level 3. HP: 24/24 MP: 4/4
   768 | D:2      | Found a shimmering altar of Xom.
   768 | D:2      | Found a shimmering altar of Xom.
   768 | D:2      | Found a shimmering altar of Xom.
   769 | D:2      | Found a shimmering altar of Xom.
   769 | D:2      | Found a shimmering altar of Xom.
   771 | D:2      | Found a shimmering altar of Xom.
   914 | D:2      | Reached skill level 5 in Crossbows
  1136 | D:2      | Found a shimmering altar of Xom.
  1189 | D:2      | Found a blossoming altar of Fedhas.
  1189 | D:2      | Found a snail-covered altar of Cheibriados.
  1191 | D:2      | Found a glowing golden altar of the Shining One.
  1601 | D:2      | Found a burning altar of Makhleb.
  1619 | D:2      | Reached XP level 4. HP: 19/29 MP: 5/5
  1856 | D:2      | Found a bloodstained altar of Trog.
  1856 | D:2      | Found a shattered altar of Ashenzari.
  2225 | D:2      | Reached skill level 1 in Armour
  2563 | D:3      | Noticed a phantom
  2597 | D:3      | Slain by a phantom

Action                   |  1- 3 |  4- 6 || total
-------------------------+-------+-------++-------
Melee: Short sword       |    30 |       ||    30
       Dagger            |    35 |    23 ||    58
 Fire: Hand crossbow     |    57 |    11 ||    68
  Use: Potion            |     5 |     2 ||     7
       Scroll            |     3 |     2 ||     5
 Stab: Sleeping          |     1 |       ||     1
  Eat: Chunk             |     2 |       ||     2
       Bread ration      |       |     1 ||     1
